 Dungeon Crawl Stone Soup version 0.26-a0-753-g4680b4fa2e (webtiles) character file.

Game seed: 10963450482188137146

51 Forecaster the Stinger (level 3, -3/28 HPs)
             Began as a Naga Venom Mage on Nov 7, 2020.
             Slain by a gnoll
             ... wielding a +0 whip
              (7 damage)
             ... on level 2 of the Dungeon.
             The game lasted 00:03:53 (1795 turns).

Forecaster the Stinger (Naga Venom Mage)            Turns: 1795, Time: 00:03:54

Health: -3/28      AC:  2    Str: 10    XL:     3   Next: 81%
Magic:  1/6        EV: 10    Int: 16    God:
Gold:   99         SH:  0    Dex: 11    Spells: 4/7 levels left

rFire    . . .     SeeInvis +   g - +0 dagger
rCold    . . .     Faith    .   (no shield)
rNeg     . . .     Spirit   .   a - +0 robe
rPois    +         Reflect  .   (no helmet)
rElec    .         Harm     .   (no cloak)
rCorr    .         Rampage  .   (no gloves)
MR       .....                  (no barding)
Stlth    +.........             (no amulet)
HPRegen  0.09/turn              d - ring of attention (curse)
MPRegen  0.10/turn              (no ring)

@: very slow
A: large, see invisible, deformed body, poison resistance, slowness 2, spit
poison 1, AC +1
a: Spit Poison


You were on level 2 of the Dungeon.
You visited 1 branch of the dungeon, and saw 2 of its levels.

You collected 99 gold pieces.

Inventory:

Hand Weapons
 b - a +0 club
 g - a +0 dagger (weapon)
Armour
 a - a +0 robe (worn)
Jewellery
 d - a cursed ring of attention (left hand)
Scrolls
 e - 3 scrolls of teleportation {unknown}
 f - a scroll of enchant weapon {unknown}
 h - a scroll of fog {unknown}
 i - a scroll of magic mapping {unknown}
Potions
 c - 2 potions of curing {unknown}


   Skills:
 + Level 0.3 Fighting
 + Level 2.0 Dodging
 + Level 3.3 Stealth
 + Level 2.6 Spellcasting
 + Level 1.1 Transmutations
 + Level 0.4 Air Magic
 + Level 4.7 Poison Magic


You had 4 spell levels left.
You knew the following spells:

 Your Spells              Type           Power        Failure   Level
a - Sting                 Tmut/Pois      ##..         6%          1
b - Poisonous Vapours     Pois/Air       ##....       10%         2

Your spell library contained the following spells:

 Spells                   Type           Power        Failure   Level
 Ignite Poison            Fire/Tmut/Pois #.......     26%         3
 Olgreb's Toxic Radiance  Pois           ###.....     26%         4
 Mephitic Cloud           Conj/Pois/Air  #.......     28%         3


Dungeon Overview and Level Annotations

Branches:
Dungeon (2/15)

Altars:


Innate Abilities, Weirdness & Mutations

You cannot wear boots.
Your serpentine skin is tough. (AC +1)
You have supernaturally acute eyesight. (SInv)
Armour fits poorly on your strangely shaped body.
Your system is resistant to poisons. (rPois)
You cover ground very slowly.
You can spit poison.


Message History

You closely miss the gnoll. The bat hits you but does no damage.
The gnoll hits you with a +0 whip. The bat closely misses you.
Casting: Poisonous Vapours (safe; 10% risk of failure)
Confirm with . or Enter, or press ? or * to list all spells.
Press: ? - help, Shift-Dir - straight line, f - gnoll
Aim: a gnoll, wielding a +0 whip The sting hits the gnoll.
The gnoll is poisoned.
The gnoll is lightly wounded.
The bat closely misses you. The gnoll barely misses you.
You completely miss the gnoll.
The gnoll is moderately wounded.
The gnoll hits you with a +0 whip.
* * * LOW HITPOINT WARNING * * *
The gnoll hits you with a +0 whip.
* * * LOW HITPOINT WARNING * * *
You hit the gnoll but do no damage.
The gnoll is moderately wounded.
The gnoll hits you with a +0 whip!
You die...

#.....)..##............
.#........####..........
..........# #.....####..
#[.......###..##...(..#
#........#....##.......
#........#....##.....). ....
#........#..#>##....... ....
#....g......#.##.....() .....
###.bg@................ )....
#..##.......###...... ......
#g.##.....#..##..†.(#
......###......#####.##..#...
.............#.# .<..##.#.
...........###.# ##.## #.##
..$........# #.###.... #.##
................ ......###.##
...........##.. .......†...


You could see 3 gnolls and a bat.

Vanquished Creatures
  A gnoll (D:2)
  A dart slug (D:1)
  2 leopard geckos
  A giant cockroach (D:1)
  A goblin (D:2)
  6 hobgoblins
  3 jackals (D:1)
  7 bats
  4 frilled lizards
  7 kobolds
  5 rats
38 creatures vanquished.

Notes
Turn   | Place    | Note
-------+----------+-------------------------------------------
     0 | D:1      | Forecaster the Naga Venom Mage began the quest for the Orb.
     0 | D:1      | Reached XP level 1. HP: 15/15 MP: 3/3
   165 | D:1      | Reached XP level 2. HP: 22/22 MP: 1/5
   230 | D:1      | Learned a level 2 spell: Poisonous Vapours
   921 | D:1      | Reached XP level 3. HP: 20/28 MP: 0/6
  1795 | D:2      | Slain by a gnoll

Illustrated notes

Levels and vault maps discovered:
D:1:      minmay_arrival_three_doors, layout_loops_ring, eino_curves_03
D:2:      layout_rooms, minmay_pentomino_o2

Skill      XL: |  1  2  3 |
---------------+----------+-----
Dodging        | 2 |  2.0
Fighting       | |  0.3
Stealth        | |  3.3
Spellcasting   | |  2.6
Transmutations | |  1.1
Air Magic      | |  0.4
Poison Magic   | |  4.7

Action                   || total
-------------------------++-------
Melee: Club              ||    44
       Unarmed           ||     1
       Dagger            ||     6
 Cast: Sting             ||    15
       Poisonous Vapours ||    27
  Use: Scroll            ||     1
Armor: Robe              ||    11
Dodge: Dodged            ||    46

Table legend: (Time is in decaauts)
 A = Elapsed time spent in this place.
 B = Non-inter-level travel time spent in this place.
 C = Inter-level travel time spent in this place.
 D = Time resting spent in this place.
 E = Time spent auto-exploring this place.
 F = Levels seen in this place.
 G = Mean time per level.
                   A        B        C        D        E       F      G
               +--------+--------+--------+--------+--------+-----+--------+
         Total |   2069 |   2032 |     37 |    566 |   1173 |   2 | 1034.5 |
       Dungeon |   2069 |   2032 |     37 |    566 |   1173 |   2 | 1034.5 |
               +--------+--------+--------+--------+--------+-----+--------+

Top non-repeatable levels by time:
     D:1: 1689 daAuts
     D:2: 380 daAuts
